AoeStats
← timmy_turner

Arabian Desert

510878931Analyzed
1v1 RM · 9h ago on Oct 2, 2026· 30m 3s· 2 players
Game mode
Random Map
Map size
Tiny (2 player)
Population
200
Speed
Normal
Resources
Standard
Victory
Conquest
Starting age
Dark Age
Ending age
Imperial Age
RankedLock teamsTeams togetherTeam positionsShared explorationLock speedFull tech treeHidden civsTurbo modeCheats
Victory
Defeat
🇦🇷 Saxons · Argentina
1607
+16
🇺🇸 Magyars · United States
1602
-16
timmy_turner
6:43 Loom
9:40 Feudal Age
10:14 Double-Bit Axe
12:11 Fletching
16:52 Padded Archer Armor
19:12 Scale Barding Armor
21:02 Horse Collar
22:54 Bloodlines
28:29 Castle Age
CORP_Yamon
6:19 Loom
8:48 Feudal Age
8:52 Man-at-Arms
9:24 Town Watch
10:43 Double-Bit Axe
14:47 Fletching
22:11 Castle Age
22:49 Bodkin Arrow
22:41 Crossbowman
24:39 Bow Saw
27:53 Husbandry
29:46 Padded Archer Armor
Connection lost

Rejoining the realm…

Still unreachable

The connection could not be restored.

Session expired

The server has moved on; the page needs a fresh start.